 Dungeon Crawl Stone Soup version 0.29.1 (webtiles) character file.

Game seed: 14492486052651086352

5022 mtoz the Protected (level 10, -25/91 HPs)
             Began as a Minotaur Fighter on Sept 13, 2022.
             Was a Priest of Okawaru.
             Killed from afar by a fire dragon (37 damage)
             ... with a blast of flame
             ... on level 9 of the Dungeon.
             The game lasted 00:33:29 (7538 turns).

mtoz the Protected (Minotaur Fighter)               Turns: 7538, Time: 00:33:30

Health: -25/91     AC: 18    Str: 25    XL:     10   Next: 30%
Magic:  0/11       EV: 12    Int:  5    God:    Okawaru [***...]
Gold:   1553       SH:  7    Dex: 10    Spells: 9/9 levels left

rFire   . . .      SeeInvis +   U - +5 war axe
rCold   . . .      Faith    .   c - +0 buckler
rNeg    + + .      Spirit   +   p - +5 scale mail of Rotation {rElec rN+ Stlth+}
rPois   .          Reflect  .   (helmet restricted)
rElec   +          Harm     .   S - scarf {repulsion}
rCorr   .          Rampage  .   h - +0 pair of gloves
Will    .....                   a - +0 pair of boots "Hero's Friend" {Slay+6 SInv}
Stlth   ++........              I - amulet of guardian spirit
HPRegen 0.25/turn               J - ring of positive energy
MPRegen 0.12/turn               (no ring)

@: heroic, repel missiles
A: horns 2, retaliatory headbutt
a: Renounce Religion, Heroism


You were on level 9 of the Dungeon.
You worshipped Okawaru.
Okawaru was most pleased with you.
You visited 2 branches of the dungeon, and saw 10 of its levels.

You collected 1553 gold pieces.

Inventory:

Hand Weapons
 u - a +2 vorpal flail
 w - a +0 dire flail
 F - a +2 flail of protection
 M - a +2 halberd of protection
 T - a +4 mace of freezing
 U - a +5 war axe (weapon)
Armour
 a - the +0 pair of boots "Hero's Friend" (worn) {Slay+6 SInv}
   (You acquired it on level 7 of the Dungeon)

   Slay:      It affects your accuracy & damage with ranged weapons and melee
   (+6).
   SInv:      It lets you see invisible.
 c - a +0 buckler (worn)
 h - a +0 pair of gloves (worn)
 p - the +5 scale mail of Rotation (worn) {rElec rN+ Stlth+}
   (You found it on level 2 of the Dungeon)

   rElec:     It insulates you from electricity.
   rN:        It protects you from negative energy.
   Stlth:     It makes you more stealthy.
 S - a scarf of repulsion (worn)
Jewellery
 I - an amulet of guardian spirit (around neck)
 J - a ring of positive energy (left hand)
Wands
 m - a wand of iceblast (6)
 y - a wand of paralysis (6)
 G - a wand of quicksilver (9)
 R - a wand of flame (30)
Scrolls
 f - 4 scrolls of poison
 i - 2 scrolls of amnesia
 k - 7 scrolls of teleportation
 l - a scroll of fear
 n - 2 scrolls of enchant armour {unknown}
 t - a scroll of torment {unknown}
 x - 2 scrolls of butterflies {unknown}
 B - 3 scrolls of enchant weapon {unknown}
 C - a scroll of vulnerability {unknown}
 E - a scroll of immolation {unknown}
Potions
 b - a potion of heal wounds
 d - a potion of might
 e - 4 potions of invisibility
 g - a potion of mutation
 j - 3 potions of brilliance
 o - a potion of attraction {unknown}
 r - 5 potions of haste
 s - 4 potions of curing
 v - 3 potions of berserk rage
 z - 4 potions of lignification
 D - a potion of ambrosia


   Skills:
 * Level 9.0(14.0) Fighting
 * Level 8.7(13.7) Axes
 * Level 9.1(14.1) Armour
 + Level 3.0(8.0) Dodging
 * Level 9.1(14.1) Shields
 * Level 3.8 Invocations
 * Level 3.2 Evocations


You had 9 spell levels left.
You didn't know any spells.
Your spell library contained the following spells:

 Spells                   Type           Power      Damage    Failure   Level
 Beastly Appendage        Tmut           0%         N/A       75%         1
 Wereblood                Tmut           0%         N/A       86%         2
 Conjure Flame            Conj/Fire      0%         6-21      98%         3
 Gell's Gravitas          Tloc           0%         N/A       98%         3
 Ignite Poison            Fire/Tmut/Pois 0%         N/A       98%         3
 Lesser Beckoning         Tloc           0%         N/A       98%         3
 Spider Form              Tmut/Pois      0%         N/A       98%         3
 Stone Arrow              Conj/Erth      0%         3d7       98%         3
 Teleport Other           Tloc           0%         N/A       98%         3
 Sticky Flame             Conj/Fire      0%         2d3       100%        4
 Fireball                 Conj/Fire      0%         3d3       100%        5
 Iskenderun's Battlesphe  Conj           0%         2d6       100%        5
 Conjure Ball Lightning   Conj/Air       0%         3x3d6     100%        6
 Orb of Destruction       Conj           0%         9d5       100%        7
 Lehudib's Crystal Spear  Conj/Erth      0%         10d2      100%        8
 Animate Armour           Summ/Erth      Unusable   N/A       N/A         4

Dungeon Overview and Level Annotations

Branches:
Dungeon (9/15)             Temple (1/1) D:6             Orc (0/2) D:9
   Lair: D:8-11

Altars:
Ashenzari
Cheibriados
Dithmenos
Elyvilon
Gozag
Hepliaklqana
Kikubaaqudgha
Makhleb
Nemelex Xobeh
Okawaru
Ru
Sif Muna
Trog
Vehumet
Wu Jian
Xom
Yredelemnul
The Shining One

Shops:
D:6 [   D:8 ?

Annotations:
D:9 3 runed translucent doors, Garym's ghost, novice MiBe


Innate Abilities, Weirdness & Mutations

You have a pair of horns on your head.
You reflexively headbutt those who attack you in melee.


Message History

The fire dragon is severely wounded.
The fire dragon breathes flames at you. The blast of flame misses you.
You slash the fire dragon!
The fire dragon is severely wounded.
The fire dragon closely misses you.
The fire dragon claws you but does no damage.
The fire dragon tramples you.
You hold your ground!
You slash the fire dragon! Your headbutt misses the fire dragon.
The fire dragon is almost dead.
The fire dragon bites you.
* * * LOW HITPOINT WARNING * * *
The fire dragon claws you but does no damage.
The fire dragon tramples you!
* * * LOW HITPOINT WARNING * * *
You hold your ground!
You hit the fire dragon but do no damage.
Your headbutt misses the fire dragon.
The fire dragon is almost dead.
You block the fire dragon's attack. The fire dragon misses you.
The fire dragon tramples you.
* * * LOW HITPOINT WARNING * * *
You hold your ground!
Okay, then.
You completely miss the fire dragon.
The fire dragon is almost dead.
You closely miss the fire dragon.
The fire dragon is almost dead.
The fire dragon closely misses you. You block the fire dragon's attack.
The fire dragon misses you.
You closely miss the fire dragon. You headbutt the fire dragon.
The fire dragon is almost dead.
The fire dragon barely misses you.
The fire dragon claws you but does no damage.
The fire dragon tramples you but does no damage.
You hit the fire dragon but do no damage.
The fire dragon is almost dead.
The fire dragon breathes flames at you. The blast of flame hits you!!!
You die...

#~$)!.#
###~~$$..#
#~~~~~...#
#~~~~~...#
#~~~~~~.~#
#~..~~~~~#
#.†...~~~#
#.D....~~#
#@.......#
### ###
##.......#
####.###.##
#......##
..##.##...#
#......#
..#..[....##
##....##
..#........#
##..##
..†.......##
#..#
....##.....#
#.##
...........#
#.#


You could see a fire dragon (catching breath).

Vanquished Creatures
  Gastronok (D:8)
  Pikel (D:3)
  Grinder (D:5)
  Prince Ribbit (D:5)
  A steam dragon (D:6)
  2 vampire mosquitoes (D:9)
  Duvessa (D:5)
  An acid dragon (D:9)
  A water moccasin (D:8)
  2 orc warriors
  A sky beast (D:6)
  An ogre (D:6)
  A phantom (D:5)
  A centaur (D:7)
  4 lemures (D:3)
  Blork the orc (D:3)
  2 gnoll sergeants (D:6)
  2 scorpions
  A bullfrog (D:8)
  8 wights (D:7)
  Dowan (D:5)
  2 howler monkeys
  5 hounds
  2 jellies
  A gnoll bouda (D:6)
  2 orc priests
  6 iguanas
  5 orc wizards
  Robin (D:3)
  6 adders
  20 gnolls
  A shadow imp (D:7)
  5 white imps
  An ufetubus (D:6)
  2 worms
  6 dart slugs
  24 orcs
  5 ball pythons
  4 bats
  3 endoplasms
  2 giant cockroaches (D:1)
  9 goblins
  6 hobgoblins
  12 jackals
  3 quokkas
  4 kobolds
  7 rats
179 creatures vanquished.

Vanquished Creatures (collateral kills)
  An orc (D:7)
1 creature vanquished.

Vanquished Creatures (others)
  A wight (D:7)
1 creature vanquished.

Grand Total: 181 creatures vanquished

Notes
Turn   | Place    | Note
-------+----------+-------------------------------------------
     0 | D:1      | mtoz the Minotaur Fighter began the quest for the Orb.
     0 | D:1      | Reached XP level 1. HP: 19/19 MP: 0/0
   316 | D:1      | Reached XP level 2. HP: 27/27 MP: 1/1
   711 | D:2      | Reached XP level 3. HP: 33/33 MP: 2/2
   892 | D:2      | Identified the +5 scale mail of Rotation {rElec rN+ Stlth+}
  1623 | D:3      | Reached XP level 4. HP: 40/40 MP: 3/3
  1623 | D:3      | Noticed Robin
  1631 | D:3      | Killed Robin
  2194 | D:4      | Noticed Blork the orc
  2240 | D:4      | Noticed Pikel
  2240 | D:4      | Noticed a lemure
  2240 | D:4      | Noticed a lemure
  2240 | D:4      | Noticed a lemure
  2240 | D:4      | Noticed a lemure
  2292 | D:3      | Killed Blork the orc
  2293 | D:3      | Reached XP level 5. HP: 32/47 MP: 4/4
  2408 | D:3      | Reached skill level 5 in Armour
  2409 | D:3      | Reached skill level 5 in Fighting
  2409 | D:3      | Reached skill level 5 in Shields
  2573 | D:3      | Reached XP level 6. HP: 37/56 MP: 5/5
  2927 | D:3      | Killed Pikel
  2928 | D:3      | Reached skill level 5 in Axes
  2928 | D:3      | Reached XP level 7. HP: 48/62 MP: 6/6
  3203 | D:4      | Found a radiant altar of Vehumet.
  3263 | D:5      | Entered Level 5 of the Dungeon
  3263 | D:5      | Noticed Grinder
  3268 | D:5      | Paralysed by Grinder for 2 turns
  3353 | D:5      | Killed Grinder
  3461 | D:5      | Noticed Dowan
  3463 | D:5      | Noticed Duvessa
  3473 | D:5      | Killed Duvessa
  3474 | D:5      | Reached XP level 8. HP: 61/71 MP: 7/7
  3479 | D:5      | Killed Dowan
  3708 | D:5      | Noticed Prince Ribbit
  3730 | D:5      | Killed Prince Ribbit
  4325 | D:6      | Found Ucokeq's Armour Emporium.
  4635 | D:6      | Found a staircase to the Ecumenical Temple.
  4655 | Temple   | Entered the Ecumenical Temple
  4861 | Temple   | Became a worshipper of Warmaster Okawaru
  4936 | D:6      | Reached skill level 1 in Dodging
  4936 | D:6      | Reached XP level 9. HP: 71/81 MP: 6/8
  4949 | D:6      | Reached skill level 1 in Invocations
  5116 | D:6      | Found a white marble altar of Elyvilon.
  5127 | D:6      | Reached skill level 1 in Evocations
  5991 | D:7      | Reached * piety under Okawaru
  6076 | D:7      | Identified 2 scrolls of acquirement
  6077 | D:7      | Acquired 1128 gold pieces
  6078 | D:7      | Acquired the +0 pair of boots "Hero's Friend" {Slay+6 SInv}
  6563 | D:8      | Noticed Gastronok
  6575 | D:8      | HP: 1/82 [Gastronok/the air (22)]
  6582 | D:8      | Killed Gastronok
  6582 | D:8      | Reached ** piety under Okawaru
  6583 | D:8      | Reached XP level 10. HP: 37/90 MP: 1/11
  7032 | D:8      | Found Bes Ticu's Magic Scroll Boutique.
  7339 | D:9      | Noticed Garym's ghost (novice MiBe)
  7340 | D:9      | Found a runed translucent gate.
  7342 | D:9      | Found a runed translucent gate.
  7343 | D:9      | Found a runed translucent gate.
  7376 | D:9      | Found a staircase to the Orcish Mines.
  7382 | D:9      | Reached *** piety under Okawaru
  7519 | D:9      | Noticed a fire dragon
  7538 | D:9      | Killed from afar by a fire dragon

Illustrated notes

Levels and vault maps discovered:
D:1:      scummos_arrival_simple_crosswalls, layout_loops_cross
D:2:      minmay_alternating_diamond, layout_rooms, serial_curves,
          eino_curves_04, eino_curves_03
D:3:      mumra_celtic_spiral_tile, layout_basic, uniq_robin
D:4:      layout_rooms, nicolae_vehumet_radiance, uniq_pikel, uniq_blork_the_orc
D:5:      layout_rooms, minmay_misc_feat_square, uniq_grinder, uniq_duvessa,
          uniq_prince_ribbit1
D:6:      layout_cave_pools, overflow_temple_1_default,
          minmay_temple_entry_hall, serial_gnoll_camp, gnoll_camp_mini_hut,
          gnoll_camp_mini_shop, gnoll_camp_mini_doghouse, gnoll_camp_mini_house,
          portal_sewer_entry_a
D:7:      layout_basic
D:8:      layout_gridville, serial_shops, nicolae_square_shop, uniq_gastronok
D:9:      dragon1_lemuel, layout_cave_pools, orc_0_dummy, gammafunk_ghost_split,
          uniq_maurice
Temple:   nicolae_temple_slightly_damp_pantheon

Skill      XL: |  1  2  3  4  5  6  7  8  9 10 |
---------------+-------------------------------+-----
Shields        | 4 5 6 7 8 9 |  9.1
Armour         | 4 5 6 7 8 9 |  9.1
Fighting       | 4 5 6 7 8 9 |  9.0
Axes           | 3 4 5 6 7 8 |  8.7
Dodging        | 1 2 3 |  3.0
Invocations    | 3 |  3.8
Evocations     | 2 3 |  3.2

Action                   |  1- 3 |  4- 6 |  7- 9 | 10-12 || total
-------------------------+-------+-------+-------+-------++-------
Melee: War axe           |    77 |    89 |   234 |    37 ||   437
       Headbutt          |     6 |     9 |    52 |     8 ||    75
Invok: Heroism           |       |       |     1 |     1 ||     2
  Use: Scroll            |       |     6 |    10 |     1 ||    17
       Potion            |       |       |     2 |     1 ||     3
Armor: Scale mail        |    42 |    75 |    95 |    24 ||   236
Dodge: Dodged            |    52 |    55 |    96 |    16 ||   219
       Repelled          |       |       |     1 |     1 ||     2
Block: Buckler           |    15 |    25 |    47 |    11 ||    98
